 Dungeon Crawl Stone Soup version 0.29.1-4-g47bece8355 (webtiles) character file.

Game seed: 18444922944084041401

30 DildoBatman the Conjurer (level 3, -2/39 HPs)
             Began as a Formicid Conjurer on Dec 10, 2022.
             Succumbed to a kobold's poison
             ... on level 1 of the Dungeon.
             The game lasted 00:02:09 (626 turns).

DildoBatman the Conjurer (Formicid Conjurer)         Turns: 626, Time: 00:02:10

Health: -2/39      AC: 21    Str: 11    XL:     3   Next: 35%
Magic:  0/6        EV:  2    Int: 19    God:
Gold:   67         SH:  0    Dex: 12    Spells: 4/7 levels left

rFire   . . .      SeeInvis .   h - +0 short sword
rCold   . . .      Faith    .   (no shield)
rNeg    . . .      Spirit   .   (body armour currently unavailable)
rPois   +          Reflect  .   (helmet unavailable)
rElec   .          Harm     .   (cloak currently unavailable)
rCorr   .          Rampage  .   (gloves currently unavailable)
Will    .....                   (boots currently unavailable)
Stlth   ++........              (no amulet)
HPRegen 0.13/turn               (no ring)
MPRegen 0.10/turn               (no ring)

@: lethally poisoned (-2 -> -13), tree-form
A: stationary, stasis, torment immunity, boosted hp, permanent stasis, dig
shafts and tunnels, (antennae 3), four strong arms
a: no special abilities


You were on level 1 of the Dungeon.
You were a tree.
You visited 1 branch of the dungeon, and saw 1 of its levels.

You collected 67 gold pieces.

Inventory:

Hand Weapons
 h - a +0 short sword (weapon)
Missiles
 e - 6 atropa-tipped darts
 f - 19 stones
Armour
 a - a +0 robe (melded)
 c - a +1 pair of boots (melded)
Scrolls
 d - a scroll of noise {unknown}
Potions
 b - a potion of magic


   Skills:
 * Level 1.2 Fighting
 * Level 1.2 Armour
 - Level 2.0 Dodging
 - Level 2.4 Stealth
 * Level 2.5 Spellcasting
 * Level 3.8 Conjurations


You had 4 spell levels left.
You knew the following spells:

 Your Spells              Type           Power      Damage    Failure   Level
a - Searing Ray           Conj           34%        2d5       4%          2
c - Magic Dart            Conj           68%        1d6       3%          1

Your spell library contained the following spells:

 Spells                   Type           Power      Damage    Failure   Level
 Dazzling Flash           Conj/Hex       18%        N/A       22%         3
 Fulminant Prism          Conj/Hex       4%         3d6       58%         4
 Iskenderun's Mystic Bla  Conj/Tloc      9%         2d4       58%         4


Dungeon Overview and Level Annotations

Branches:
Dungeon (1/15)

Altars:

Shops:
D:1 [


Innate Abilities, Weirdness & Mutations

You are a tree.
Your roots penetrate the ground, keeping you stationary.
You cannot be teleported.
You are immune to unholy pain and torment.
Your maximum health is greatly increased.
Your equipment is partially melded.
You cannot be hasted, slowed, berserked, paralysed or teleported.
You can dig through walls and to a lower floor.
((You have a pair of large antennae on your head. (SInv)))
Your four strong arms can wield two-handed weapons with a shield.


Message History

The kobold is severely wounded.
You feel very sick. The kobold closely misses you.
Casting: Searing Ray (safe; 4% risk of failure)
Confirm with . or Enter, or press ? or * to list all spells.
Aiming: Magic Dart (safe; 3% risk of failure)
Press: ? - help, Shift-Dir - straight line, f/p - kobold
Aim: a kobold, wielding a +2 dagger of venom (moderately wounded, 100% to hit)
The magic dart hits the kobold but does no damage.
The kobold is moderately wounded.
You feel very sick. The kobold barely misses you.
You feel sick.
Casting: Magic Dart (safe; 3% risk of failure)
Confirm with . or Enter, or press ? or * to list all spells.
You don't have enough magic to cast this spell.
You hit the kobold but do no damage.
The kobold is moderately wounded.
You feel sick. The kobold hits you but does no damage.
You are lethally poisoned!
You hit the kobold but do no damage.
The kobold is moderately wounded.
You feel very sick. The kobold hits you but does no damage.
You are more poisoned.
The goblin hits you but does no damage.
You feel very sick.
There is a stone staircase leading down here.
It was a potion of lignification.
You turn into a tree.
Your +1 pair of boots melds into your body.
Your +0 robe melds into your body.
Your roots penetrate the ground.
You feel very sick. The kobold hits you but does no damage.
The goblin hits you but does no damage.
You hit the kobold.
You kill the kobold!
You die...

..[# ##### ...# #...#
...########### #...#
.#.....†.....####...#
############..))†...#
######...# ##[..#
#....# #♣...#
########)g..#
##.....#.)####
##........##
#.....)...#
#.........#
(.........#
#.........#
#...........


You could see a goblin.

Vanquished Creatures
  An endoplasm (D:1)
  2 giant cockroaches (D:1)
  6 goblins (D:1)
  2 hobgoblins (D:1)
  2 jackals (D:1)
  5 kobolds (D:1)
  4 ball pythons (D:1)
  A frilled lizard (D:1)
  2 rats (D:1)
25 creatures vanquished.

Notes
Turn   | Place    | Note
-------+----------+-------------------------------------------
     0 | D:1      | DildoBatman the Formicid Conjurer began the quest for the
                  | Orb.
     0 | D:1      | Reached XP level 1. HP: 13/13 MP: 3/3
   326 | D:1      | Reached XP level 2. HP: 20/20 MP: 3/5
   329 | D:1      | Learned a level 2 spell: Searing Ray
   463 | D:1      | Reached skill level 1 in Armour
   481 | D:1      | Reached skill level 1 in Fighting
   481 | D:1      | Reached XP level 3. HP: 26/26 MP: 3/6
   593 | D:1      | Found Ceemp's Antique Armour Shop.
   625 | D:1      | HP: 1/39 [poisoned by a kobold]
   626 | D:1      | Succumbed to a kobold's poison

Illustrated notes

Levels and vault maps discovered:
D:1:      minmay_arrival_four_loops, layout_rooms, serial_shops, shop

Skill      XL: |  1  2 |
---------------+-------+-----
Dodging        | 2 |  2.0
Armour         | 1 |  1.2
Fighting       | 1 |  1.2
Stealth        | |  2.4
Spellcasting   | |  2.5
Conjurations   | |  3.8

Action                   || total
-------------------------++-------
Melee: Short sword       ||    51
       Punch             ||     1
 Cast: Magic Dart        ||    18
       Searing Ray       ||     5
  Use: Potion            ||     1
Armor: Robe              ||    16
       Skin              ||     2
Dodge: Dodged            ||    55
